Map: Magannatha LE

Players

钻石星际

  • Race: Protoss Protoss
  • League: Grandmaster

不是我啊 - Winner!

  • Race: Protoss Protoss
  • League: Master

VOD

Have the link to the VOD?

Description

Time

  • Played on: Nov. 26, 2025, 7:15 a.m.
  • Length: 5:49
Show
View Real Time Build Order
Export as new Build Order

钻石星际 Protoss 

Build Orders:  

Get SALT Encoding   

  12  0:01  Probe  
  13  0:13  Probe  
  14  0:17  Pylon  
  14  0:25  Probe  
  15  0:34  Probe  
  15  0:38  Gateway  
  15  0:42  Probe  
  16  0:48  Assimilator  
  17  0:51  Probe  
  18  1:03  Probe  
  19  1:04  Assimilator  
  19  1:09  Gateway  
  19  1:13  Probe  
  20  1:22  Probe  
  20  1:28  Cybernetics Core  
  20  1:30  Probe  
  21  1:38  Pylon  
  22  1:42  Probe  
  23  1:56  Probe  
  24  2:05  Sentry  
  28  2:10  Shield Battery  
  28  2:12  Warp Gate  
  26  2:22  Nexus  
  26  2:28  Pylon  
  26  2:33  Pylon  
  26  2:35  Sentry  
  26  2:36  Stalker  
  30  2:55  Stalker  
  30  2:57  Shield Battery  
  30  3:03  Stalker  
  34  3:15  Probe  
  35  3:22  Robotics Facility  
  35  3:27  Pylon  
  35  3:28  Stalker  
  35  3:33  Probe  
  38  3:44  Probe  
  39  3:50  Probe, Gateway  
  40  4:01  Stalker  
  42  4:07  Stalker  
  42  4:09  Probe x2  
  42  4:27  Stalker  
  35  4:43  Stalker  
  37  4:54  Stalker  
  37  4:55  Stalker  
  41  5:13  Stalker  
  43  5:18  Stalker  
  43  5:20  Probe  
  43  5:21  Probe  
  43  5:40  Stalker  
  43  5:41  Stalker  
Show
View Real Time Build Order
Export as new Build Order

不是我啊 Protoss - Winner!

Build Orders:  

Get SALT Encoding   

  12  0:00  Probe  
  13  0:12  Probe  
  14  0:17  Pylon  
  14  0:24  Probe  
  15  0:35  Probe, Gateway  
  16  0:43  Probe  
  16  0:48  Assimilator  
  17  0:52  Probe  
  18  1:00  Assimilator  
  18  1:01  Probe  
  19  1:09  Probe  
  19  1:13  Gateway  
  19  1:18  Probe  
  21  1:27  Cybernetics Core  
  21  1:30  Probe  
  22  1:38  Pylon  
  22  1:42  Probe  
  23  1:54  Warp Gate  
  23  1:56  Probe  
  24  2:03  Adept x2  
  28  2:09  Pylon  
  28  2:10  Probe  
  30  2:33  Adept x2  
  33  2:40  Probe  
  34  3:03  Adept x2  
  37  3:09  Nexus  
  37  3:10  Pylon  
  37  3:21  Probe  
  38  3:27  Robotics Facility  
  38  3:34  Probe  
  39  3:42  Adept x2  
  39  3:46  Probe  
  44  3:51  Pylon  
  44  3:58  Probe  
  44  4:00  Shield Battery  
  45  4:05  Sentry  
  45  4:09  Sentry  
  49  4:10  Probe  
  50  4:22  Probe  
  51  4:28  Warp Prism  
  51  4:30  Immortal  
  49  4:32  Probe  
  49  4:34  Probe  
  49  4:44  Probe  
  46  4:46  Probe  
  46  4:49  Sentry, Adept  
  51  4:52  Twilight Council  
  51  4:56  Probe  
  50  5:01  Probe  
  50  5:03  Immortal  
  51  5:12  Shield Battery  
  53  5:17  Stalker  
  53  5:18  Adept  
  57  5:23  Gateway  
  57  5:24  Gateway  
  57  5:25  Shield Battery  
  59  5:45  Sentry  
  59  5:46  Adept  
Tags
 
Add a new tag
Caveats
  • Supply blocks, unpowered buildings, or Contaminate may cause inaccurate times.
  • Supply counts are checked every 10 seconds.